 Dungeon Crawl Stone Soup version 0.27-a0-412-g8dd771eca2 (webtiles) character file.

Game seed: 16238210775751387551

28 Morbidden the Skirmisher (level 2, 0/24 HPs)
             Began as a Demonspawn Monk on Feb 24, 2021.
             Slain by an adder (1 damage)
             ... on level 2 of the Dungeon.
             The game lasted 00:01:27 (2287 turns).

Morbidden the Skirmisher (Demonspawn Monk)          Turns: 2287, Time: 00:01:27

Health: 0/24       AC:  2    Str: 11    XL:     2   Next: 96%
Magic:  2/2        EV: 13    Int: 11    God:
Gold:   147        SH:  0    Dex: 15    Spells: 1/1 levels left

rFire    . . .     SeeInvis .     - Unarmed
rCold    . . .     Faith    .   (no shield)
rNeg     . . .     Spirit   .   a - +0 robe
rPois    .         Reflect  .   (no helmet)
rElec    .         Harm     .   (no cloak)
rCorr    .         Rampage  .   (no gloves)
Will     .....                  (no boots)
Stlth    ++........             (no amulet)
HPRegen  0.08/turn              (no ring)
MPRegen  0.08/turn              (no ring)

@: lethally poisoned (0 -> -2)
A: powered by pain 1
a: no special abilities


You were on level 2 of the Dungeon.
You visited 1 branch of the dungeon, and saw 3 of its levels.

You collected 147 gold pieces.

Inventory:

Missiles
 i - a poisoned dart (quivered)
Armour
 a - a +0 robe (worn)
Scrolls
 d - a scroll of teleportation {unknown}
 f - a scroll of enchant weapon {unknown}
 g - a scroll of immolation {unknown}
 h - 2 scrolls of identify {unknown}
Potions
 b - 2 potions of curing {unknown}
 c - a potion of brilliance {unknown}
 e - 2 potions of might {unknown}
 j - a potion of ambrosia {unknown}


   Skills:
 * Level 3.4 Fighting
 * Level 3.0 Dodging
 + Level 2.0 Stealth
 + Level 3.0 Unarmed Combat


You had one spell level left.
You didn't know any spells.
Your spell library was empty.

Dungeon Overview and Level Annotations

Branches:
Dungeon (3/15)

Altars:
Uskayaw


Innate Abilities, Weirdness & Mutations

You sometimes gain a little power by taking damage.


Message History

Press: ? - help, Q - select action Shift-Dir - straight line, f - adder
Aim: an adder (40% to hit)
You throw a poisoned dart.
The poisoned dart barely misses the adder.
The adder bites you.
You are poisoned.
The adder poisons you! The adder bites you.
You feel sick. The adder bites you but does no damage.
Throw: 5 darts (poison)
Press: ? - help, Q - select action Shift-Dir - straight line, f/p - adder
Aim: an adder (40% to hit)
You throw a poisoned dart.
The poisoned dart barely misses the adder.
The adder barely misses you. The adder bites you. The adder closely misses you.
Throw: 4 darts (poison)
Press: ? - help, Q - select action Shift-Dir - straight line, f/p - adder
Aim: an adder (40% to hit)
You throw a poisoned dart.
The poisoned dart barely misses the adder.
You feel sick. The adder misses you. The adder bites you.
* * * LOW HITPOINT WARNING * * *
Throw: 3 darts (poison)
Press: ? - help, Q - select action Shift-Dir - straight line, f/p - adder
Aim: an adder (40% to hit)
You throw a poisoned dart.
The poisoned dart barely misses the adder.
The adder bites you.
* * * LOW HITPOINT WARNING * * *
Unknown command.
The adder closely misses you. The adder misses you.
Throw: 2 darts (poison)
Press: ? - help, Q - select action Shift-Dir - straight line, f/p - adder
Aim: an adder (40% to hit)
You throw a poisoned dart.
The poisoned dart barely misses the adder.
* * * LOW HITPOINT WARNING * * *
You feel sick. The adder bites you.
You die...

##.##.###............. #####
#......#....#.......#
....#########......#.............
##......#.................##.#...
........#####..#+#...........#...
...........##....#......#........
.#.#.#.##<.##.#..#......#####....
..............#S.#......#####....
.#..........#.#.@####...#........
#....#.#..#.#.##.# #...#........
#....#......#.##.# #####.......#
##.....#.........# #.....###
.#..........###### #######..
⌠#.......##.# #.. .#..#..####.#
#.. #####..# #.# ### #.....## ###


You could see an adder.

Vanquished Creatures
  An ooze (D:2)
  A worm (D:2)
  An orc (D:3)
  A goblin (D:2)
  A hobgoblin (D:1)
  3 kobolds
  A quokka (D:2)
  4 bats
  4 frilled lizards
  4 rats
21 creatures vanquished.

Notes
Turn   | Place    | Note
-------+----------+-------------------------------------------
     0 | D:1      | Morbidden the Demonspawn Monk began the quest for the Orb.
     0 | D:1      | Reached XP level 1. HP: 18/18 MP: 1/1
     7 | D:1      | You fall into a shaft and drop 1 floor!
   170 | D:2      | Gained mutation: You sometimes gain a little power by
                  | taking damage. [demonic ancestry]
   170 | D:2      | Reached XP level 2. HP: 24/24 MP: 2/2
   238 | D:2      | Found a faded altar of an unknown god.
   317 | D:2      | HP: 1/24 [worm (11)]
   645 | D:2      | Noticed a +0 hand axe
   646 | D:2      | Noticed a +0 hand axe
   647 | D:2      | Found a hide-covered altar of Uskayaw.
  1677 | D:1      | You fall into a shaft and drop 1 floor!
  2287 | D:2      | HP: 1/24 [poisoned by an adder]
  2287 | D:2      | Slain by an adder

Illustrated notes

Levels and vault maps discovered:
D:1:      lightli_molten_gateway, layout_loops_ring, serial_forest,
          infiniplex_forest_straight_4, infiniplex_forest_fountain,
          infiniplex_forest_corner_2, infiniplex_forest_end_1,
          infiniplex_forest_end_2, infiniplex_forest_clump_C,
          infiniplex_forest_lined_corner
D:2:      layout_basic, dancing_weapons_uskayaw, chequers_ecumenical_altar_lobes
D:3:      layout_loops_ring, mrwooster_statue_mirror

Skill      XL: |  1  2 |
---------------+-------+-----
Dodging        | 3 |  3.0
Stealth        | 2 |  2.0
Unarmed Combat | 3 |  3.0
Fighting       | |  3.4

Action                   || total
-------------------------++-------
Melee: Unarmed           ||    64
       Punch             ||     1
Throw: Dart              ||     5
 Stab: Sleeping          ||     6
Armor: Robe              ||     6
Dodge: Dodged            ||    40

Table legend: (Time is in decaauts)
 A = Elapsed time spent in this place.
 B = Non-inter-level travel time spent in this place.
 C = Inter-level travel time spent in this place.
 D = Time resting spent in this place.
 E = Time spent auto-exploring this place.
 F = Levels seen in this place.
 G = Mean time per level.
                   A        B        C        D        E       F      G
               +--------+--------+--------+--------+--------+-----+--------+
         Total |   2285 |   2112 |    173 |      0 |   1928 |   3 |  761.7 |
       Dungeon |   2285 |   2112 |    173 |      0 |   1928 |   3 |  761.7 |
               +--------+--------+--------+--------+--------+-----+--------+

Top non-repeatable levels by time:
     D:2: 1217 daAuts
     D:1: 1061 daAuts
     D:3: 7 daAuts
